[Event "42nd Arco Festival 2020"]
[Site "Arco"]
[Date "2020.10.15"]
[Round "6.17"]
[White "Hagner, Bennet"]
[Black "Monducci, Mirko"]
[Result "1-0"]
[ECO "B01"]
[WhiteElo "2080"]
[BlackElo "1885"]
[Annotator "ChessBase"]
[PlyCount "83"]
[EventDate "2020.10.10"]
[EventType "swiss"]
[EventCountry "ITA"]
[SourceTitle "playchess.com"]
[Source "ChessBase"]
[SourceQuality "1"]
[TimeControl "40/5400+30:1800+30"]

1. e4 d5 2. exd5 Qxd5 3. d4 e5 4. dxe5 Qxd1+ 5. Kxd1 Nc6 6. Bf4 Bg4+ 7. Be2 O-O-O+ 8. Nd2 Be6 9. Ngf3 h6 10. h4 Bc5 11. Ke1 Nb4 12. Bd1 Nd5 13. Bh2 Nge7 14. Ne4 Bb6 15. a3 f5 16. Ned2 Ng6 17. h5 Ngf4 18. Bxf4 Nxf4 19. g3 Nd5 20. c4 Ne7 21. Rc1 c5 22. Nh4 f4 23. gxf4 Rd4 24. Rg1 Rxf4 25. Rxg7 Rxh4 26. Rxe7 Rh1+ 27. Ke2 Bg4+ 28. f3 Bxh5 29. Ne4 Rf8 30. Kf2 Rh2+ 31. Kg3 Rxb2 32. Nd6+ Kb8 33. Rxb7+ Ka8 34. Rg7 Rd2 35. Ne4 Rd4 36. Nf6 Bf7 37. f4 Rd3+ 38. Bf3+ Kb8 39. Rd1 Rxd1 40. Bxd1 Kc8 41. Nh7 Rg8 42. Bg4+ 1-0

[Event "42nd Arco Festival 2020"]
[Site "Arco"]
[Date "2020.10.16"]
[Round "7.2"]
[White "Siebrecht, Sebastian"]
[Black "Romanishin, Oleg M"]
[Result "1-0"]
[ECO "A20"]
[WhiteElo "2416"]
[BlackElo "2403"]
[Annotator "ChessBase"]
[PlyCount "71"]
[EventDate "2020.10.10"]
[EventType "swiss"]
[EventCountry "ITA"]
[SourceTitle "playchess.com"]
[Source "ChessBase"]
[SourceQuality "1"]
[TimeControl "40/5400+30:1800+30"]

1. c4 e5 2. g3 Nf6 3. Bg2 c6 4. Nf3 e4 5. Nd4 d5 6. cxd5 cxd5 7. d3 Bc5 8. Nb3 Bb4+ 9. Nc3 Nc6 10. O-O Be6 11. dxe4 d4 12. Nb5 Qb6 13. e5 Nxe5 14. N3xd4 Bd7 15. Bf4 Bxb5 16. Nxb5 Qxb5 17. Bxe5 Be7 18. Bc3 O-O 19. a4 Qa6 20. Qb3 Rab8 21. Be5 Rbe8 22. Qxb7 Qxe2 23. Rfe1 Qh5 24. Qxa7 Bb4 25. Bxf6 Rxe1+ 26. Rxe1 Bxe1 27. Be7 Rc8 28. Qd7 Rb8 29. Kf1 Ba5 30. b4 Qg6 31. Bd5 Qb1+ 32. Kg2 Bxb4 33. Bd8 Rxd8 34. Qxd8+ Bf8 35. Qd7 Qg6 36. a5 1-0

[Event "42nd Arco Festival 2020"]
[Site "Arco"]
[Date "2020.10.16"]
[Round "7.3"]
[White "Sedina, Elena"]
[Black "Decker, Nils"]
[Result "1-0"]
[ECO "C05"]
[WhiteElo "2299"]
[BlackElo "2080"]
[Annotator "ChessBase"]
[PlyCount "57"]
[EventDate "2020.10.10"]
[EventType "swiss"]
[EventCountry "ITA"]
[SourceTitle "playchess.com"]
[Source "ChessBase"]
[SourceQuality "1"]
[TimeControl "40/5400+30:1800+30"]

1. e4 e6 2. d4 d5 3. Nc3 Nf6 4. e5 Nfd7 5. f4 c5 6. Nf3 Nc6 7. Ne2 a5 8. a4 Be7 9. c3 b6 10. Ng3 O-O 11. Bb5 Ndb8 12. O-O Bd7 13. Bd3 cxd4 14. cxd4 Nb4 15. Bb1 b5 16. f5 f6 17. fxe6 Bxe6 18. axb5 Qe8 19. exf6 Bxf6 20. Re1 Qf7 21. Bd2 Nd7 22. Rxa5 Bxd4+ 23. Nxd4 Qf2+ 24. Kh1 Qxd4 25. Rxa8 Rxa8 26. Bxb4 Qxb4 27. Rxe6 Qxb2 28. Qxd5 Rf8 29. Re2+ 1-0

[Event "42nd Arco Festival 2020"]
[Site "Arco"]
[Date "2020.10.16"]
[Round "7.4"]
[White "Vezzosi, Paolo"]
[Black "Mantovani, Renzo"]
[Result "1/2-1/2"]
[ECO "A30"]
[WhiteElo "2262"]
[BlackElo "2294"]
[Annotator "ChessBase"]
[PlyCount "144"]
[EventDate "2020.10.10"]
[EventType "swiss"]
[EventCountry "ITA"]
[SourceTitle "playchess.com"]
[Source "ChessBase"]
[SourceQuality "1"]
[TimeControl "40/5400+30:1800+30"]

1. Nf3 Nf6 2. b3 b6 3. g3 g6 4. Bb2 Bg7 5. Bg2 Bb7 6. c4 c5 7. O-O Nc6 8. d4 Nxd4 9. Nxd4 Bxg2 10. Kxg2 cxd4 11. Qxd4 O-O 12. Nc3 d6 13. Nd5 Qd7 14. Rfd1 Qb7 15. Kg1 Rfc8 16. Qd2 Nxd5 17. Bxg7 Kxg7 18. Qxd5 Qxd5 19. Rxd5 Rc5 20. e4 Rac8 21. a4 a5 22. Re1 Rxd5 23. exd5 Kf6 24. f4 Rc5 25. Kf2 e6 26. dxe6 fxe6 27. Ke3 g5 28. Rf1 g4 29. Rd1 Ke7 30. Kd4 Rh5 31. Rd2 Kd7 32. Re2 Ke7 33. Rd2 Kd7 34. Re2 Rh6 35. Ke4 Rf6 36. Kd4 h5 37. Rb2 h4 38. b4 axb4 39. Rxb4 Kc6 40. Rb5 hxg3 41. hxg3 Rf5 42. Rb3 Rh5 43. Re3 Rh6 44. Ke4 Rh1 45. Kd4 Rd1+ 46. Kc3 Kd7 47. Rd3 Ra1 48. Kb4 Re1 49. Rb3 Kc6 50. Kc3 Ra1 51. Kb4 Re1 52. Kc3 Re3+ 53. Kb4 Rf3 54. Rc3 e5 55. fxe5 dxe5 56. Rc1 Rxg3 57. c5 bxc5+ 58. Rxc5+ Kd6 59. Rc1 Rf3 60. a5 Rf8 61. a6 g3 62. Rg1 Rg8 63. a7 Ra8 64. Rxg3 Rxa7 65. Rd3+ Ke6 66. Kc3 Ra2 67. Rd8 Kf5 68. Kd3 Ra3+ 69. Ke2 Kf4 70. Rb8 Ra2+ 71. Ke1 e4 72. Rb3 Ke5 1/2-1/2

[Event "42nd Arco Festival 2020"]
[Site "Arco"]
[Date "2020.10.16"]
[Round "7.6"]
[White "Molina, Fabrizio"]
[Black "Voltolini, Giuseppe"]
[Result "1-0"]
[ECO "A10"]
[WhiteElo "2181"]
[BlackElo "2120"]
[Annotator "ChessBase"]
[PlyCount "37"]
[EventDate "2020.10.10"]
[EventType "swiss"]
[EventCountry "ITA"]
[SourceTitle "playchess.com"]
[Source "ChessBase"]
[SourceQuality "1"]
[TimeControl "40/5400+30:1800+30"]

1. c4 f5 2. g3 Nf6 3. Bg2 e6 4. Nf3 Be7 5. O-O O-O 6. d3 d6 7. Nc3 Nc6 8. Rb1 e5 9. b4 Qe8 10. Nd5 Bd8 11. b5 Ne7 12. Qb3 Nexd5 13. cxd5 h6 14. e3 Qh5 15. Bb2 f4 16. exf4 exf4 17. Nd4 Bh3 18. Ne6 Ng4 19. Nxg7 1-0

[Event "42nd Arco Festival 2020"]
[Site "Arco"]
[Date "2020.10.16"]
[Round "7.7"]
[White "Trabattoni, Franco"]
[Black "Ruzic, Pia Marie"]
[Result "0-1"]
[ECO "A48"]
[WhiteElo "2246"]
[BlackElo "1929"]
[Annotator "ChessBase"]
[PlyCount "62"]
[EventDate "2020.10.10"]
[EventType "swiss"]
[EventCountry "ITA"]
[SourceTitle "playchess.com"]
[Source "ChessBase"]
[SourceQuality "1"]
[TimeControl "40/5400+30:1800+30"]

1. d4 Nf6 2. Nf3 g6 3. c4 Bg7 4. Nc3 O-O 5. Bf4 d6 6. e3 Nbd7 7. Be2 c6 8. h3 Qe8 9. O-O e5 10. Bh2 Qe7 11. Re1 Re8 12. a3 e4 13. Nd2 Nf8 14. Qc2 h5 15. b4 Bf5 16. c5 d5 17. b5 Ne6 18. Rab1 Nxd4 19. exd4 e3 20. Bd3 exf2+ 21. Kxf2 Ng4+ 22. Kf1 Qe3 23. Rxe3 Nxe3+ 24. Kg1 Nxc2 25. Bxf5 Bxd4+ 26. Kh1 gxf5 27. bxc6 bxc6 28. Na4 Nxa3 29. Rf1 Re2 30. Nf3 Bf6 31. Bg1 Nb5 0-1

[Event "42nd Arco Festival 2020"]
[Site "Arco"]
[Date "2020.10.16"]
[Round "7.8"]
[White "Hagner, Bennet"]
[Black "Nazarenus, Moritz"]
[Result "1/2-1/2"]
[ECO "B12"]
[WhiteElo "2080"]
[BlackElo "2224"]
[Annotator "ChessBase"]
[PlyCount "61"]
[EventDate "2020.10.10"]
[EventType "swiss"]
[EventCountry "ITA"]
[SourceTitle "playchess.com"]
[Source "ChessBase"]
[SourceQuality "1"]
[TimeControl "40/5400+30:1800+30"]

1. e4 c6 2. d4 d5 3. e5 Bf5 4. Nf3 e6 5. Be2 Ne7 6. O-O h6 7. Nbd2 Bg6 8. Nb3 Nf5 9. c3 Nd7 10. Ne1 Be7 11. f4 h5 12. Nd3 a5 13. a4 Qb6 14. Kh1 Qa7 15. Rf3 O-O-O 16. Be3 h4 17. Rh3 Rh6 18. Bf2 Rdh8 19. Nbc5 b6 20. Nxd7 Kxd7 21. b4 Bh5 22. Bxh5 Rxh5 23. g4 hxg3 24. Rxh5 Rxh5 25. Qxh5 gxf2 26. Qxf7 Qa6 27. Nxf2 Qe2 28. Kg1 Nh4 29. Qxg7 Nf3+ 30. Kg2 Nh4+ 31. Kg1 1/2-1/2

[Event "42nd Arco Festival 2020"]
[Site "Arco"]
[Date "2020.10.16"]
[Round "7.9"]
[White "Kostov, Deyan Samuil"]
[Black "De Santis, Alessio"]
[Result "1-0"]
[ECO "B00"]
[WhiteElo "2065"]
[BlackElo "2223"]
[Annotator "ChessBase"]
[PlyCount "91"]
[EventDate "2020.10.10"]
[EventType "swiss"]
[EventCountry "ITA"]
[SourceTitle "playchess.com"]
[Source "ChessBase"]
[SourceQuality "1"]
[TimeControl "40/5400+30:1800+30"]

1. e4 b6 2. d4 Bb7 3. Nc3 e6 4. Bd3 Nf6 5. Nge2 c5 6. O-O Nc6 7. d5 Ne5 8. Ng3 Nxd3 9. Qxd3 Qc8 10. Qf3 Bd6 11. Bh6 O-O 12. Rfe1 Be5 13. Bf4 Qb8 14. Bxe5 Qxe5 15. Rad1 Rfe8 16. d6 Bc6 17. Qe2 b5 18. Rd2 b4 19. Nd1 a6 20. f3 Rec8 21. Qe3 c4 22. c3 a5 23. Rd4 Bb7 24. Qd2 Ra6 25. f4 Qb5 26. e5 Nd5 27. f5 Kh8 28. f6 gxf6 29. Qh6 Rg8 30. Rh4 Qb6+ 31. Nf2 Rg7 32. exf6 Nxf6 33. Qxf6 Kg8 34. Rd4 Rg6 35. Qe7 bxc3 36. bxc3 Qc6 37. Nfe4 f5 38. Rf1 Ra8 39. Rf2 fxe4 40. Nxe4 Qxe4 41. Rxe4 Bxe4 42. Qxd7 Rb8 43. h3 Kh8 44. Qc7 Rbg8 45. d7 Bxg2 46. Qe5+ 1-0

[Event "42nd Arco Festival 2020"]
[Site "Arco"]
[Date "2020.10.16"]
[Round "7.10"]
[White "Perez Bolanos, David"]
[Black "Ruecker, Benjamin"]
[Result "1/2-1/2"]
[ECO "D90"]
[WhiteElo "2031"]
[BlackElo "2202"]
[Annotator "ChessBase"]
[PlyCount "44"]
[EventDate "2020.10.10"]
[EventType "swiss"]
[EventCountry "ITA"]
[SourceTitle "playchess.com"]
[Source "ChessBase"]
[SourceQuality "1"]
[TimeControl "40/5400+30:1800+30"]

1. d4 Nf6 2. c4 g6 3. Nc3 d5 4. Nf3 Bg7 5. h4 dxc4 6. e4 c5 7. d5 b5 8. h5 O-O 9. h6 Bh8 10. Qc2 b4 11. Nd1 e6 12. dxe6 Bxe6 13. Bg5 Qa5 14. Bxc4 b3+ 15. Qd2 Qxd2+ 16. Nxd2 Bxc4 17. Bxf6 Bxf6 18. Nxc4 Re8 19. f3 bxa2 20. Rxa2 Nd7 21. Nde3 Nb6 22. Ke2 Nxc4 1/2-1/2

[Event "42nd Arco Festival 2020"]
[Site "Arco"]
[Date "2020.10.16"]
[Round "7.11"]
[White "Poschadel, Andreas Gregor"]
[Black "Podetti, Davide"]
[Result "0-1"]
[ECO "A46"]
[WhiteElo "1946"]
[BlackElo "2190"]
[Annotator "NA"]
[PlyCount "132"]
[EventDate "2020.10.10"]
[EventType "swiss"]
[EventCountry "ITA"]
[SourceTitle "playchess.com"]
[Source "ChessBase"]
[SourceQuality "1"]
[TimeControl "40/5400+30:1800+30"]

1. d4 Nf6 2. Bg5 e6 3. e4 h6 4. Bxf6 Qxf6 5. Nf3 d6 6. c3 {A46: 1 d4 Nf6 2 Nf3 e6: Torre, London and Colle Systems.} g6 7. Nbd2 Bg7 8. Bd3 Qe7 9. O-O e5 10. Re1 O-O {[#]} 11. Nf1 $146 ({Predecessor:} 11. h3 Nc6 12. d5 Nb8 13. c4 f5 14. Rc1 Nd7 15. exf5 gxf5 16. b4 a5 17. a3 axb4 18. axb4 {1-0 (40) Koellner,C (2067)-Hahn,M (1875) Playchess.com INT 2020}) 11... exd4 12. Nxd4 Nc6 13. Nxc6 bxc6 14. Ne3 Bd7 15. Qc2 Rfe8 16. Re2 Qg5 17. g3 Qc5 18. Rae1 Re7 19. Ng2 Rae8 20. Re3 Rb8 21. Qc1 a5 22. Bf1 Qb6 23. b3 Qc5 24. Nf4 Rbe8 25. Bc4 Kh7 26. Nd3 Qh5 27. Nf4 Qe5 28. Qd1 h5 29. Ng2 Qc5 30. Kh1 Bh6 31. f4 $1 d5 32. Bd3 dxe4 33. Rxe4 Rxe4 34. Bxe4 Re7 35. Qd3 Bh3 36. Rf1 Rd7 37. Qc2 f5 38. Bf3 Bg7 39. c4 Qb4 40. Rd1 Rxd1+ 41. Qxd1 c5 42. Nh4 Qc3 43. Bd5 Bf6 44. Bg2 Bg4 45. Bf3 Bxh4 46. Bxg4 hxg4 $19 ({Weaker is} 46... fxg4 47. gxh4 Qe3 48. Qd7+ Kh6 49. Qd5 $15) 47. gxh4 Qh3 48. Kg1 Qe3+ 49. Kg2 Qxf4 50. Qd7+ Kh6 51. Qc8 Qe4+ 52. Kg1 Qb1+ 53. Kg2 Qxa2+ 54. Kg1 Qa1+ 55. Kg2 Qe5 56. Qf8+ Kh5 57. Qd8 Qe4+ 58. Kf1 Qh1+ 59. Kf2 Qxh2+ 60. Kf1 Qf4+ 61. Kg2 g3 62. Kh3 Qg4+ 63. Kg2 Qe2+ 64. Kxg3 Qg4+ 65. Kf2 Qxh4+ 66. Qxh4+ Kxh4 0-1

[Event "42nd Arco Festival 2020"]
[Site "Arco"]
[Date "2020.10.16"]
[Round "7.12"]
[White "Buglisi, Massimo"]
[Black "Perman, Sergey"]
[Result "0-1"]
[ECO "B27"]
[WhiteElo "1918"]
[BlackElo "2154"]
[Annotator "ChessBase"]
[PlyCount "124"]
[EventDate "2020.10.10"]
[EventType "swiss"]
[EventCountry "ITA"]
[SourceTitle "playchess.com"]
[Source "ChessBase"]
[SourceQuality "1"]
[TimeControl "40/5400+30:1800+30"]

1. e4 c5 2. d4 cxd4 3. c3 g6 4. Nf3 Bg7 5. Bc4 d5 6. exd5 Nf6 7. Qxd4 O-O 8. O-O Nbd7 9. d6 e6 10. Bg5 h6 11. Bh4 g5 12. Bg3 Nh5 13. Qd2 Nb6 14. Bb3 Nxg3 15. hxg3 Bd7 16. Na3 Rc8 17. Rfe1 a5 18. Qd3 Rc5 19. Bc2 Re8 20. Rad1 Qc8 21. Nd4 Rd5 22. Qh7+ Kf8 23. Bb3 Rc5 24. f4 gxf4 25. gxf4 Qd8 26. Re3 Qf6 27. Rg3 a4 28. Bc2 Rd5 29. Rf1 Rxd6 30. Nab5 Bxb5 31. Nxb5 Rd2 32. Nd4 Rd8 33. Qe4 Qh4 34. Rh3 Qg4 35. f5 Bxd4+ 36. cxd4 R8xd4 37. Qxg4 Rxg4 38. Rf2 Rgd4 39. Rhf3 exf5 40. Bxf5 Rxf2 41. Rxf2 Kg7 42. Re2 Nd5 43. Bc8 b6 44. Bb7 Kf6 45. Bxd5 Rxd5 46. Rc2 b5 47. Kf2 h5 48. Ke3 h4 49. Kf4 Rd4+ 50. Ke3 Rb4 51. Kf3 Kg5 52. Rc5+ f5 53. Rc2 Rf4+ 54. Ke3 Kg4 55. Rc8 Re4+ 56. Kf2 Rc4 57. Rg8+ Kf4 58. Rh8 Rc2+ 59. Kg1 Rxb2 60. Rxh4+ Ke5 61. g4 Rxa2 62. gxf5 Rb2 0-1

[Event "42nd Arco Festival 2020"]
[Site "Arco"]
[Date "2020.10.16"]
[Round "7.13"]
[White "Rozman, Monika"]
[Black "Briata, Federico"]
[Result "1-0"]
[ECO "B84"]
[WhiteElo "2129"]
[BlackElo "2090"]
[Annotator "ChessBase"]
[PlyCount "111"]
[EventDate "2020.10.10"]
[EventType "swiss"]
[EventCountry "ITA"]
[SourceTitle "playchess.com"]
[Source "ChessBase"]
[SourceQuality "1"]
[TimeControl "40/5400+30:1800+30"]

1. e4 c5 2. Nf3 d6 3. d4 cxd4 4. Nxd4 Nf6 5. Nc3 a6 6. Be3 e6 7. Be2 Be7 8. O-O O-O 9. f4 Qc7 10. Qe1 b5 11. a3 Bb7 12. Bf3 Nbd7 13. Qg3 d5 14. exd5 Nxd5 15. Nxd5 Bxd5 16. Bxd5 exd5 17. Rad1 Bf6 18. c3 Nc5 19. Nf5 Ne4 20. Qg4 Rad8 21. Bd4 Bxd4+ 22. Rxd4 f6 23. h3 Rd7 24. Ne3 Qc6 25. Rfd1 Rfd8 26. Qf3 Qe6 27. f5 Qe5 28. Ng4 Qg3 29. Qe3 Qc7 30. Nf2 Nxf2 31. Kxf2 Re7 32. Qf3 Qc5 33. b4 Qb6 34. Kf1 h6 35. Rxd5 Rde8 36. Rd7 Qb8 37. Rxe7 Rxe7 38. Rd4 Qh2 39. Kf2 Qe5 40. Qd5+ Qxd5 41. Rxd5 Rc7 42. Rc5 Rd7 43. Ke3 Rd6 44. a4 bxa4 45. Ra5 Kf7 46. c4 Ke7 47. c5 Rd5 48. g4 Rd1 49. Rxa4 Rb1 50. Kd4 Kd7 51. Rxa6 Rxb4+ 52. Kd5 Rb3 53. c6+ Kd8 54. Ra8+ Kc7 55. Ra7+ Kd8 56. Rxg7 1-0

[Event "42nd Arco Festival 2020"]
[Site "Arco"]
[Date "2020.10.16"]
[Round "7.14"]
[White "Lezzerini, Marco"]
[Black "Wollenweber, Carsten"]
[Result "0-1"]
[ECO "A87"]
[WhiteElo "2122"]
[BlackElo "2071"]
[Annotator "NA"]
[PlyCount "100"]
[EventDate "2020.10.10"]
[EventType "swiss"]
[EventCountry "ITA"]
[SourceTitle "playchess.com"]
[Source "ChessBase"]
[SourceQuality "1"]
[TimeControl "40/5400+30:1800+30"]

1. d4 g6 2. c4 Bg7 3. g3 f5 4. Bg2 Nf6 5. Nf3 O-O 6. O-O d6 7. b3 Qe8 8. Bb2 Na6 9. Nbd2 Rb8 10. a3 b5 11. Qc2 $11 h6 12. Rab1 Kh8 13. Nh4 e6 14. cxb5 Rxb5 15. Bc6 Bd7 16. Bxb5 Bxb5 17. Rfe1 g5 18. Nhf3 Bc6 19. Rbc1 Nb8 20. b4 Qh5 21. d5 Bxd5 22. Bxf6 Bxf6 23. Qxc7 Qh3 24. e4 fxe4 25. Nxe4 Bg7 26. Qxd6 Rxf3 27. Qxb8+ Kh7 28. Qxa7 Kg6 29. Rc7 Be5 30. Rh7 Bc3 31. Re3 Rxf2 32. Rxh6+ Kxh6 33. Qh7+ Kxh7 34. Nxg5+ Kg7 35. Nxh3 Rg2+ 36. Kf1 Rc2 37. Nf4 Bc4+ 38. Ne2 Bd4 39. Re4 e5 40. Ke1 Bb2 41. a4 Kf6 42. g4 Kg5 43. b5 Bd3 44. Re3 e4 45. b6 Be5 46. Kd1 Ra2 47. Nc1 Ra1 48. Kd2 Bf4 49. Nxd3 exd3 50. b7 Rb1 0-1

[Event "42nd Arco Festival 2020"]
[Site "Arco"]
[Date "2020.10.16"]
[Round "7.15"]
[White "Kierzek, Matthias"]
[Black "Lochte, Thomas"]
[Result "1-0"]
[ECO "A57"]
[WhiteElo "2256"]
[BlackElo "2045"]
[Annotator "ChessBase"]
[PlyCount "54"]
[EventDate "2020.10.10"]
[EventType "swiss"]
[EventCountry "ITA"]
[SourceTitle "playchess.com"]
[Source "ChessBase"]
[SourceQuality "1"]
[TimeControl "40/5400+30:1800+30"]

1. d4 Nf6 2. c4 c5 3. d5 b5 4. cxb5 a6 5. e3 axb5 6. Bxb5 Qa5+ 7. Nc3 Bb7 8. Bd2 Qb6 9. Nf3 Nxd5 10. a4 Qg6 11. O-O e6 12. Qe2 Bd6 13. Bd3 Nxc3 14. Bxc3 f5 15. Rfe1 O-O 16. b3 Nc6 17. e4 fxe4 18. Bxe4 Qh6 19. Rad1 Rxf3 20. Qxf3 Bxh2+ 21. Kf1 d5 22. Bd3 Rf8 23. Qg4 e5 24. Re3 Qxe3 25. Qh4 e4 26. Bxe4 dxe4 27. Bxg7 Ba6+ 1-0

[Event "42nd Arco Festival 2020"]
[Site "Arco"]
[Date "2020.10.16"]
[Round "7.16"]
[White "Calavalle, Giulio"]
[Black "Schoebel-Kroehn, Lucas"]
[Result "1-0"]
[ECO "B25"]
[WhiteElo "2229"]
[BlackElo "1964"]
[Annotator "ChessBase"]
[PlyCount "129"]
[EventDate "2020.10.10"]
[EventType "swiss"]
[EventCountry "ITA"]
[SourceTitle "playchess.com"]
[Source "ChessBase"]
[SourceQuality "1"]
[TimeControl "40/5400+30:1800+30"]

1. e4 c5 2. Nc3 Nc6 3. Nge2 g6 4. g3 Bg7 5. Bg2 d6 6. O-O Rb8 7. d3 b5 8. f4 b4 9. Nd5 e6 10. Ne3 Nge7 11. c3 O-O 12. f5 f6 13. Nf4 bxc3 14. bxc3 e5 15. Nfd5 Nxd5 16. Nxd5 Ne7 17. Ne3 Nc6 18. Nd5 Ne7 19. Ne3 Qa5 20. Qc2 Bd7 21. a4 Qa6 22. g4 Bh6 23. Nc4 Bxc1 24. Rfxc1 g5 25. Ne3 Be8 26. Bf1 Qc6 27. Bg2 Bf7 28. Rcb1 Qc7 29. Bf3 Rxb1+ 30. Rxb1 Rb8 31. Rb2 Kf8 32. h4 h6 33. hxg5 hxg5 34. Kf2 Rxb2 35. Qxb2 Qb6 36. Qd2 Qb3 37. Bd1 Qa2 38. Qxa2 Bxa2 39. c4 Nc6 40. Nd5 Nb4 41. Nxf6 Nxd3+ 42. Ke3 Nb2 43. Be2 Nxc4+ 44. Bxc4 Bxc4 45. Nh7+ Kg8 46. Nxg5 a5 47. Nf3 Bb3 48. Nd2 Bxa4 49. Nc4 Bd1 50. g5 a4 51. Kd2 Bb3 52. Nxd6 a3 53. Kc3 Ba4 54. f6 a2 55. Kb2 Bb3 56. g6 Be6 57. Nb7 Bc4 58. Nxc5 Kf8 59. Nd7+ Ke8 60. Nxe5 Be6 61. Nd3 Bc4 62. Nc5 Kf8 63. e5 Ke8 64. f7+ Kf8 65. Nd7+ 1-0

[Event "42nd Arco Festival 2020"]
[Site "Arco"]
[Date "2020.10.16"]
[Round "7.17"]
[White "Urh, Zala"]
[Black "Kostov, Kiril"]
[Result "1-0"]
[ECO "D35"]
[WhiteElo "2195"]
[BlackElo "1894"]
[Annotator "ChessBase"]
[PlyCount "183"]
[EventDate "2020.10.10"]
[EventType "swiss"]
[EventCountry "ITA"]
[SourceTitle "playchess.com"]
[Source "ChessBase"]
[SourceQuality "1"]
[TimeControl "40/5400+30:1800+30"]

1. d4 d5 2. c4 e6 3. Nc3 Nf6 4. cxd5 exd5 5. Bg5 c6 6. e3 Be7 7. Bd3 Nbd7 8. Nge2 Nh5 9. Bxe7 Qxe7 10. g4 Nhf6 11. Ng3 g6 12. g5 Ng8 13. h4 h6 14. gxh6 Ndf6 15. Qe2 Rxh6 16. O-O-O Be6 17. Na4 Nd7 18. h5 gxh5 19. Nxh5 O-O-O 20. Nf4 Rxh1 21. Rxh1 b5 22. Bxb5 cxb5 23. Qxb5 Qd6 24. Kb1 Bf5+ 25. Ka1 Nb6 26. Rc1+ Kb7 27. Nc5+ Ka8 28. a4 Rb8 29. Na6 Bd7 30. Qc5 Qxc5 31. dxc5 Rc8 32. b3 Be6 33. Kb2 Nd7 34. b4 Nb8 35. Nxb8 Kxb8 36. b5 Nf6 37. Ka3 Ne4 38. Nd3 f6 39. Kb4 Rh8 40. c6 Nd2 41. Nf4 Rh4 42. Rd1 Ne4 43. f3 Ng5 44. Kc5 Bf7 45. a5 Nxf3 46. b6 a6 47. c7+ Kb7 48. Kd6 Ne5 49. Rc1 Rh8 50. Nxd5 Bxd5 51. Kxd5 Re8 52. e4 Kc8 53. Rf1 Nd7 54. Rc1 Ne5 55. Rh1 Nf7 56. Rh7 Re5+ 57. Kd4 Re7 58. Rg7 Kb7 59. Rg8 Nd6 60. Rb8+ Kc6 61. c8=Q+ Nxc8 62. Rxc8+ Kb5 63. Rc5+ Kb4 64. Rd5 Rb7 65. Ke3 Ka4 66. Kf4 Rf7 67. Kf5 Re7 68. Rc5 Re8 69. b7 Rb8 70. Kxf6 Rxb7 71. e5 Kb4 72. Rd5 Kc4 73. Rd1 Rb2 74. e6 Kb5 75. Ra1 Rf2+ 76. Kg7 Kc6 77. Rd1 Kb5 78. e7 Re2 79. Kf7 Kxa5 80. e8=Q Rxe8 81. Kxe8 Kb4 82. Kd7 a5 83. Kc6 a4 84. Rd4+ Kb3 85. Kb5 a3 86. Rd3+ Kb2 87. Kb4 a2 88. Rd2+ Kb1 89. Kb3 a1=N+ 90. Kc3 Kc1 91. Rh2 Kb1 92. Rg2 1-0

[Event "42nd Arco Festival 2020"]
[Site "Arco"]
[Date "2020.10.16"]
[Round "7.18"]
[White "Astengo, Corrado"]
[Black "Davini, Andrea"]
[Result "1-0"]
[ECO "B04"]
[WhiteElo "2093"]
[BlackElo "1884"]
[Annotator "NA"]
[PlyCount "73"]
[EventDate "2020.10.10"]
[EventType "swiss"]
[EventCountry "ITA"]
[SourceTitle "playchess.com"]
[Source "ChessBase"]
[SourceQuality "1"]
[TimeControl "40/5400+30:1800+30"]

1. e4 Nf6 2. e5 Nd5 3. d4 d6 4. Nf3 dxe5 5. Nxe5 c6 6. Bc4 Be6 7. O-O g6 8. Nd2 Bg7 9. Ndf3 O-O 10. Re1 h6 11. Nxg6 fxg6 12. Rxe6 Kh7 13. Bd3 Rf6 14. Qe2 Qg8 15. Rxf6 exf6 16. Bd2 Nd7 17. Nh4 Nf8 18. Re1 f5 19. c4 Nf6 20. Qe7 N8d7 21. Nxf5 Re8 22. Qxg7+ Qxg7 23. Nxg7 Kxg7 24. Rxe8 Nxe8 25. Kf1 Nc7 26. Ke2 g5 27. Bf5 Nb6 28. Ba5 Ne8 29. Bxb6 axb6 30. Kd3 c5 31. a3 Kf6 32. Be4 Nd6 33. b4 b5 34. dxc5 bxc4+ 35. Kd4 Nb5+ 36. Kxc4 Nxa3+ 37. Kb3 1-0

[Event "42nd Arco Festival 2020"]
[Site "Arco"]
[Date "2020.10.16"]
[Round "8.5"]
[White "Perestjuk, Marko"]
[Black "Dittmar, Peter"]
[Result "1/2-1/2"]
[ECO "C01"]
[WhiteElo "2124"]
[BlackElo "2222"]
[Annotator "ChessBase"]
[PlyCount "46"]
[EventDate "2020.10.10"]
[EventType "swiss"]
[EventCountry "ITA"]
[SourceTitle "playchess.com"]
[Source "ChessBase"]
[SourceQuality "1"]
[TimeControl "40/5400+30:1800+30"]

1. e4 e6 2. d4 d5 3. Nc3 Bb4 4. exd5 exd5 5. Bd3 Nc6 6. a3 Bxc3+ 7. bxc3 Nge7 8. Qh5 Be6 9. Rb1 b6 10. Nf3 Qd7 11. Ng5 O-O-O 12. Nxe6 Qxe6+ 13. Be3 g6 14. Qf3 Nf5 15. O-O Nxe3 16. Rfe1 Qg4 17. Qxe3 Qd7 18. h4 h5 19. Qf3 f5 20. Re3 Rhe8 21. Rbe1 Rxe3 22. Rxe3 Qf7 23. g3 Rd6 1/2-1/2

[Event "42nd Arco Festival 2020"]
[Site "Arco"]
[Date "2020.10.17"]
[Round "8.7"]
[White "Podetti, Davide"]
[Black "Perestjuk, Marko"]
[Result "1-0"]
[ECO "B98"]
[WhiteElo "2190"]
[BlackElo "2124"]
[Annotator "ChessBase"]
[PlyCount "81"]
[EventDate "2020.10.10"]
[EventType "swiss"]
[EventCountry "ITA"]
[SourceTitle "playchess.com"]
[Source "ChessBase"]
[SourceQuality "1"]
[TimeControl "40/5400+30:1800+30"]

1. e4 c5 2. Nf3 d6 3. d4 cxd4 4. Nxd4 Nf6 5. Nc3 a6 6. Bg5 e6 7. f4 Be7 8. Qf3 Qc7 9. O-O-O O-O 10. g4 b5 11. a3 Nbd7 12. Bxf6 Bxf6 13. g5 Bxd4 14. Rxd4 Rb8 15. Be2 Rb6 16. h4 Bb7 17. h5 Rc8 18. g6 fxg6 19. hxg6 h6 20. Qh3 Nf8 21. Bg4 Qe7 22. Nd5 Bxd5 23. exd5 e5 24. Bxc8 exd4 25. Be6+ Nxe6 26. dxe6 b4 27. Qf5 Qf6 28. Qxf6 gxf6 29. f5 Kg7 30. Kd2 Rb5 31. e7 Rb8 32. Kd3 Re8 33. Re1 h5 34. Kxd4 h4 35. Kd5 h3 36. Ke6 h2 37. Rh1 d5 38. Rxh2 d4 39. Rh7+ Kg8 40. Rf7 a5 41. Rf8+ 1-0

[Event "42nd Arco Festival 2020"]
[Site "Arco"]
[Date "2020.10.17"]
[Round "8.8"]
[White "Lochte, Thomas"]
[Black "Rozman, Monika"]
[Result "0-1"]
[ECO "B21"]
[WhiteElo "2045"]
[BlackElo "2129"]
[Annotator "ChessBase"]
[PlyCount "50"]
[EventDate "2020.10.10"]
[EventType "swiss"]
[EventCountry "ITA"]
[SourceTitle "playchess.com"]
[Source "ChessBase"]
[SourceQuality "1"]
[TimeControl "40/5400+30:1800+30"]

1. e4 c5 2. d4 cxd4 3. c3 dxc3 4. Nxc3 Nc6 5. Nf3 e6 6. Bc4 a6 7. O-O Nge7 8. Bg5 f6 9. Be3 Ng6 10. Nd4 Nxd4 11. Qxd4 b5 12. Bb3 Bb7 13. f4 Rc8 14. Rad1 Bc5 15. Qd2 Bxe3+ 16. Qxe3 Qe7 17. Qh3 b4 18. f5 bxc3 19. fxg6 c2 20. Rc1 Bxe4 21. Bxc2 Rxc2 22. Rxc2 Bxc2 23. Rc1 Qc5+ 24. Kh1 Ke7 25. gxh7 Qd6 0-1

[Event "42nd Arco Festival 2020"]
[Site "Arco"]
[Date "2020.10.17"]
[Round "8.9"]
[White "Wollenweber, Carsten"]
[Black "Calavalle, Giulio"]
[Result "0-1"]
[ECO "A25"]
[WhiteElo "2071"]
[BlackElo "2229"]
[Annotator "ChessBase"]
[PlyCount "72"]
[EventDate "2020.10.10"]
[EventType "swiss"]
[EventCountry "ITA"]
[SourceTitle "playchess.com"]
[Source "ChessBase"]
[SourceQuality "1"]
[TimeControl "40/5400+30:1800+30"]

1. c4 e5 2. g3 Nc6 3. Bg2 Bc5 4. Nc3 d6 5. e3 Nge7 6. Nge2 Bg4 7. h3 Bh5 8. a3 a5 9. g4 Bg6 10. d4 Bb6 11. d5 Nb8 12. Ng3 f5 13. h4 h6 14. gxf5 Nxf5 15. Qg4 Qf6 16. Be4 O-O 17. Rh2 Na6 18. Na4 Nc5 19. Nxc5 Bxc5 20. Bd2 Rf7 21. O-O-O Bb6 22. Rg1 Kh8 23. Rhg2 Rg8 24. Nh5 Bxh5 25. Qxh5 Rgf8 26. Rg5 Ne7 27. Rg6 Nxg6 28. Rxg6 Qxf2 29. Kc2 Rf6 30. Rg2 Qf1 31. Kc3 a4 32. Qg4 Rg8 33. Bd3 Qf3 34. h5 Qxg4 35. Rxg4 Ba5+ 36. Kc2 Rf2 0-1